 Dungeon Crawl Stone Soup version 0.18-a0-987-g0b0e4e7 (webtiles) character file.

378 Jmtri7 the Poker (level 6, -1/47 HPs)
             Began as a Merfolk Gladiator on Jan 3, 2016.
             Was an Initiate of Sif Muna.
             Slain by an ogre
             ... wielding a +0 giant club
              (15 damage)
             ... on level 4 of the Dungeon.
             The game lasted 00:14:17 (3363 turns).

Jmtri7 the Poker (Merfolk Gladiator)                Turns: 3363, Time: 00:14:17

Health: -1/47      AC: 11    Str: 15    XL:     6   Next: 74%
Magic:  6/6        EV:  9    Int:  7    God:    Sif Muna [......]
Gold:   109        SH:  0    Dex: 17    Spells: 0 memorised, 5 levels left

rFire  . . .     SeeInvis +     p - +2 scythe (freeze)
rCold  . . .     Gourm    .     C - +0 chain mail
rNeg   . . .     Faith    .     (shield currently unavailable)
rPois  .         Spirit   .     e - +0 helmet
rElec  .         Dismiss  .     t - +0 cloak
rCorr  .         Reflect  .     b - +0 pair of gloves
SustAt .         Harm     .     (no boots)
MR     .....     Rnd*Tele +     (no amulet)
Stlth  ..........               n - ring of teleportation
                                k - ring of see invisible

@: not resistant to hostile enchantments, extremely unstealthy
A: change form in water, swift swim
a: Renounce Religion, Evoke Teleportation


You were on level 4 of the Dungeon.
You worshipped Sif Muna.
Sif Muna was noncommittal.
You were not hungry.

You visited 1 branch of the dungeon, and saw 4 of its levels.

You collected 109 gold pieces.

Inventory:

Hand Weapons
 a - a +1 trident
 p - a +2 scythe of freezing (weapon)
Missiles
 c - 4 tomahawks of returning
 d - 4 throwing nets (quivered)
Armour
 b - a +0 pair of gloves (worn)
 e - a +0 helmet (worn)
 r - a +0 robe
 t - a +0 cloak (worn)
 B - a +0 ring mail
 C - a +0 chain mail (worn)
Jewellery
 k - a ring of see invisible (left hand)
 n - a ring of teleportation (right hand)
Scrolls
 h - a scroll of fog
 o - 3 scrolls of fear
 q - 3 scrolls of identify
 u - 3 scrolls of amnesia
 w - a scroll of blinking {unknown}
 y - a scroll of magic mapping {unknown}
Potions
 f - a potion of flight {unknown}
 g - 2 potions of heal wounds {unknown}
 i - a potion of magic {unknown}
 l - a potion of agility {unknown}
 m - 2 potions of invisibility {unknown}
 s - 3 potions of curing {unknown}
 v - 3 potions of mutation {unknown}
 x - a potion of haste {unknown}
 A - a potion of ambrosia {unknown}
Comestibles
 j - a bread ration


   Skills:
 - Level 3.2 Fighting
 + Level 7.9 Polearms
 - Level 2.0 Throwing
 + Level 6.2 Dodging
 - Level 2.3 Stealth


You had 5 spell levels left.
You didn't know any spells.

Dungeon Overview and Level Annotations

Branches:
Dungeon (4/15)
 Temple: D:4-7

Altars:
Elyvilon
Sif Muna


Message History

You kill the worker ant!
You see here a worker ant corpse.
j - a bread ration You see here a worker ant corpse.
An ogre comes into view. It is wielding a giant club.
A ball python comes into view.
You barely miss the ogre. The ogre hits you with a giant club.
The ogre hits you with a giant club!!
* * * LOW HITPOINT WARNING * * *
You hit the ogre. You freeze the ogre.
The ogre is moderately wounded.
The ball python bites you but does no damage.
The ball python barely misses you. The ogre misses you.
The ball python bites you but does no damage.
The ball python grabs you. The ball python constricts you.
You escape the ball python's grasp.
Your chain mail prevents you from hitting the ogre.
The ogre is moderately wounded.
The ogre hits you with a giant club!
You die...

#.........#
#.........#
#.........#
#.........# ###
#.........#
..[..####.<.......#
........>...#.#...## #
#.#..........SO...##
..#............@.>...#
....................#
.###.................#
..............#.†...##
##........##.....##
#........#.......#
#........#.......#
########.#.......#
#.##.....##


You could see an ogre and a ball python.

Vanquished Creatures
  Sigmund (D:4)
  2 orc wizards (D:3)
  A worker ant (D:4)
  3 gnolls (D:2)
  5 adders (D:3)
  An ooze (D:1)
  A worm (D:2)
  A giant gecko (D:3)
  11 orcs (D:3)
  3 giant cockroaches
  8 goblins
  4 hobgoblins
  2 jackals (D:1)
  6 kobolds
  A quokka (D:4)
  A ball python (D:3)
  8 bats
  2 giant newts
  7 rats
68 creatures vanquished.

Notes
Turn   | Place    | Note
--------------------------------------------------------------
     0 | D:1      | Jmtri7 the Merfolk Gladiator began the quest for the Orb.
     0 | D:1      | Reached XP level 1. HP: 16/16 MP: 1/1
   146 | D:1      | Reached skill level 1 in Stealth
   146 | D:1      | Reached XP level 2. HP: 8/23 MP: 2/2
   770 | D:2      | Reached XP level 3. HP: 7/29 MP: 3/3
   783 | D:2      | Reached skill level 5 in Polearms
  1316 | D:2      | Reached XP level 4. HP: 30/35 MP: 4/4
  1342 | D:2      | Found a faded altar to an unknown god.
  2117 | D:3      | Reached skill level 6 in Polearms
  2117 | D:3      | Reached XP level 5. HP: 41/41 MP: 5/5
  2285 | D:3      | Found a deep blue altar of Sif Muna.
  2337 | D:3      | Became a worshipper of Sif Muna the Loreminder
  2467 | D:3      | Reached skill level 5 in Dodging
  2914 | D:4      | Noticed Sigmund
  2915 | D:4      | Found a white marble altar of Elyvilon.
  3129 | D:4      | Killed Sigmund
  3129 | D:4      | Reached skill level 7 in Polearms
  3129 | D:4      | Reached XP level 6. HP: 25/47 MP: 6/6
  3363 | D:4      | Slain by an ogre

Vault maps used:
D:1:      minmay_arrival_four_circles
D:2:      ecumenical_altar_2, corner_web_ring, roderic_lattice_a
D:3:      nicolae_overflow_crystal_walls, hangedman_decor_growths
D:4:      grunt_temple_overflow_gold_and_silver, lemuel_crystal_altar,
          amethyst_overflow_temple_binary, uniq_sigmund

Action                   |  1- 3 |  4- 6 || total
-------------------------+-------+-------++-------
Melee: Trident           |    92 |   165 ||   257
       Scythe            |       |    13 ||    13
  Use: Scroll            |       |     6 ||     6
 Stab: Sleeping          |     1 |       ||     1
  Eat: Bread ration      |       |     1 ||     1
       Fruit             |       |     2 ||     2
       Beef jerky        |       |     1 ||     1
